 Dungeon Crawl Stone Soup version 0.23.1 (webtiles) character file.

Game seed: 15683288238890659258

80 Borgoz the Skirmisher (level 4, 0/40 HPs)
             Began as a Ghoul Monk on Mar 8, 2019.
             Slain by a sky beast (6 damage)
             ... on level 3 of the Dungeon.
             The game lasted 00:04:24 (1834 turns).

Borgoz the Skirmisher (Ghoul Monk)                  Turns: 1834, Time: 00:04:25

Health: 0/40       AC:  6    Str: 12 (14) XL:     4   Next: 39%
Magic:  3/3        EV: 15    Int:  3 (6)  God:
Gold:   83         SH:  0    Dex: 13 (16) Spells: 3/3 levels left

rFire    . . .     SeeInvis .     - Unarmed
rCold    + . .     Gourm    .   (no shield)
rNeg     + + +     Faith    .   g - +0 scale mail
rPois    ∞         Spirit   .   (no helmet)
rElec    .         Reflect  .   (no cloak)
rCorr    .         Harm     .   (no gloves)
MR       .....                  (no boots)
Stlth    ++........             (no amulet)
HPRegen  0.00/turn              (no ring)
MPRegen  0.08/turn              (no ring)

@: agile, rotting
A: rotting body, claws 1, carnivore, cold resistance 1, negative energy
resistance 3, inhibited regeneration, torment resistance, unbreathing
a: no special abilities


You were on level 3 of the Dungeon.
You were not hungry.

You visited 1 branch of the dungeon, and saw 3 of its levels.

You collected 83 gold pieces.

Inventory:

Armour
 a - a +0 robe
 g - a +0 scale mail (worn)
Scrolls
 c - a scroll of immolation
 d - 4 scrolls of remove curse
 e - 4 scrolls of blinking {unknown}
 h - a scroll of teleportation {unknown}
 j - 4 scrolls of identify {unknown}
 l - 2 scrolls of magic mapping {unknown}
Comestibles
 b - 4 rations


   Skills:
 + Level 3.8 Fighting
 + Level 1.2 Armour
 + Level 3.1 Dodging
 + Level 3.1 Stealth
 + Level 3.8 Unarmed Combat


You had 3 spell levels left.
You didn't know any spells.
Your spell library was empty.

Dungeon Overview and Level Annotations

Branches:
Dungeon (3/15)

Altars:


Innate Abilities, Weirdness & Mutations

Your body is rotting away.
You thrive on raw meat.
You are immune to poison.
You have sharp fingernails.
You are carnivorous and can eat meat at any time.
Your flesh is cold resistant. (rC+)
You are immune to negative energy. (rN+++)
You do not regenerate when monsters are visible.
You are immune to unholy pain and torment.
You can survive without breathing.


Message History

The sky beast hits you. The sky beast shocks you.
It was a potion of degeneration.
There was something very wrong with that liquid.
You feel weakened.
You feel dopey.
You feel clumsy.
The sky beast flickers out of sight!
Deactivating autopickup; reactivate with Ctrl-A.
Something hits you. Something shocks you.
* * * LOW HITPOINT WARNING * * *
A sky beast appears from thin air!
Reactivating autopickup.
As you read the scroll labeled FIPYM HEOGETUF, it crumbles to dust.
The creatures around you are filled with an inner flame!
It was a scroll of immolation.
The sky beast hits you but does no damage.
As you read the scroll labeled EHIESM DITA, it crumbles to dust.
You feel blessed for a moment.
It was a scroll of remove curse.
The sky beast hits you.
* * * LOW HITPOINT WARNING * * *
The sky beast shocks you.
You die...

#####....#######....#.#####
.........# #....#.#
..##.....# #....#.#
..##.....# #....#.#
..##.....# #....#.#
...##....# #..).#.#
...'.....#### #....#.#
...#......... #Y...#.#
...#......... #@?..#.#
...#......... #....#.#
...#......... .....#.#####
...#......... ###...#.#...#
...#......... #...#.#.#.#
...#.######## ...#.#.#.#
#.# ######...#.#.#.# #.#
#....#...#.#.#.# #.#
#.##.#...#.#.#.#


You could see a sky beast (inner flame).

Vanquished Creatures
  2 adders (D:2)
  An ooze (D:1)
  2 worms (D:2)
  A dart slug (D:2)
  A leopard gecko (D:1)
  An orc (D:3)
  A ball python (D:1)
  A giant cockroach (D:1)
  6 goblins
  3 hobgoblins
  10 jackals
  4 kobolds
  3 bats
  3 frilled lizards (D:1)
  6 rats
45 creatures vanquished.

Notes
Turn   | Place    | Note
-------+----------+-------------------------------------------
     0 | D:1      | Borgoz the Ghoul Monk began the quest for the Orb.
     0 | D:1      | Reached XP level 1. HP: 19/19 MP: 0/0
   218 | D:1      | Reached XP level 2. HP: 21/26 MP: 1/1
   789 | D:1      | Reached XP level 3. HP: 31/31 MP: 2/2
  1016 | D:2      | Reached skill level 1 in Armour
  1285 | D:2      | Reached XP level 4. HP: 28/40 MP: 3/3
  1768 | D:3      | Noticed a sky beast
  1834 | D:3      | Slain by a sky beast

Skill      XL: |  1  2  3  4 |
---------------+-------------+-----
Armour         | 1 |  1.2
Dodging        | 3 |  3.1
Stealth        | 3 |  3.1
Fighting       | |  3.8
Unarmed Combat | |  3.8

Action                   |  1- 3 |  4- 6 || total
-------------------------+-------+-------++-------
Melee: Unarmed           |   120 |    54 ||   174
       Punch             |     3 |     1 ||     4
  Use: Potion            |       |     3 ||     3
       Scroll            |       |     2 ||     2
 Stab: Sleeping          |     1 |       ||     1
  Eat: Chunk             |     5 |     3 ||     8
Armor: Robe              |     5 |       ||     5
       Scale mail        |    48 |    17 ||    65
Dodge: Dodged            |    79 |    29 ||   108
